Map: Hecate LE

Players

Subwayeatn

  • Race: Zerg Zerg
  • League: Platinum
  • Spawn Location: 1:00

LQgolf - Winner!

  • Race: Terran Terran
  • League: Platinum
  • Spawn Location: 7:00

VOD

Have the link to the VOD?

Description

Time

  • Played on: Nov. 10, 2023, 6:54 p.m.
  • Length: 6:38
Show
View Real Time Build Order
Export as new Build Order

Subwayeatn Zerg 

Build Orders: Hatch First 

Get SALT Encoding   

  12  0:00  Drone  
  13  0:12  Overlord  
  13  0:17  Drone  
  14  0:30  Drone x2  
  16  0:55  Hatchery  
  15  1:01  Drone x3  
  18  1:04  Extractor  
  17  1:17  Spawning Pool  
  16  1:28  Drone x2  
  18  1:33  Drone  
  19  1:44  Drone  
  20  1:55  Overlord  
  20  2:07  Queen  
  20  2:08  Queen  
  22  2:09  Zergling x4  
  22  2:11  Metabolic Boost  
  26  2:16  Drone  
  26  2:17  Drone  
  28  2:26  Drone  
  28  2:28  Drone  
  30  2:38  Drone  
  30  2:40  Drone  
  32  2:48  Queen x2  
  36  2:53  Overlord  
  36  2:59  Overlord  
  36  3:13  Extractor  
  36  3:14  Drone x4  
  36  3:15  Extractor  
  38  3:31  Lair  
  38  3:34  Baneling Nest, Drone x5  
  42  3:43  Drone x2  
  44  3:54  Drone  
  45  3:58  Drone  
  45  4:01  Drone  
  47  4:03  Extractor  
  47  4:06  Drone  
  47  4:08  Queen  
  49  4:12  Overlord  
  49  4:15  Drone x3  
  52  4:27  Hatchery  
  51  4:32  Drone x3  
  54  4:40  Overlord  
  54  4:42  Overlord  
  54  4:43  Overlord  
  54  4:46  Centrifugal Hooks  
  54  4:51  Spire  
  53  4:55  Queen  
  55  5:10  Overlord  
  55  5:11  Zergling x14  
  55  5:12  Zergling x2  
  63  5:25  Zergling x6  
  49  5:43  Zergling x2  
  45  5:50  Queen  
  45  5:51  Drone x6  
  45  5:52  Drone x2  
  57  6:12  Drone x3  
  57  6:18  Drone x2  
  62  6:22  Drone x2  
Show
View Real Time Build Order
Export as new Build Order

LQgolf Terran - Winner!

Build Orders:  

Get SALT Encoding   

  12  0:01  SCV  
  13  0:15  Supply Depot  
  13  0:19  SCV  
  14  0:31  SCV  
  15  0:38  Barracks  
  15  0:43  SCV  
  16  0:50  Refinery  
  16  0:58  SCV  
  17  1:11  SCV  
  18  1:23  Refinery  
  18  1:24  SCV  
  19  1:38  SCV  
  20  1:41  Barracks Reactor  
  20  1:44  Supply Depot  
  20  1:50  Orbital Command  
  20  2:09  Factory  
  20  2:17  SCV  
  20  2:18  Marine x2  
  22  2:31  SCV  
  22  2:36  Marine  
  22  2:37  Marine  
  24  2:43  SCV  
  26  2:44  Supply Depot  
  26  2:53  Factory Reactor  
  26  2:54  Marine x2  
  26  2:56  Starport  
  28  3:03  SCV  
  29  3:12  Marine x2  
  30  3:19  Supply Depot  
  31  3:26  SCV  
  32  3:30  Cyclone x2  
  36  3:35  Starport Reactor  
  36  3:38  Marine  
  36  3:39  Marine  
  38  3:42  Supply Depot  
  38  4:02  Hellion x2  
  42  4:09  Marine x2  
  44  4:11  Medivac x2  
  48  4:21  Command Center  
  48  4:33  Marine x2  
  50  4:39  Supply Depot  
  50  4:43  Engineering Bay  
  50  4:52  Marine x2  
  52  5:07  Cyclone x2  
  56  5:10  Marine  
  56  5:13  Liberator  
  60  5:17  Liberator  
  56  5:44  Cyclone x2, Marine x2  
  53  6:02  Marine, SCV  
  55  6:05  Marine  
  56  6:12  Refinery  
  58  6:20  Marine  
Tags
 
Add a new tag
Caveats
  • Supply blocks, unpowered buildings, or Contaminate may cause inaccurate times.
  • Supply counts are checked every 10 seconds.